 Dungeon Crawl Stone Soup version 0.26.0-16-gc1dbca0489 (webtiles) character file.

Game seed: 8811883477491754411

32 howech the Caller (level 3, 0/24 HPs)
             Began as a Demonspawn Summoner on Jan 17, 2021.
             Slain by an ufetubus (4 damage)
             ... on level 2 of the Dungeon.
             The game lasted 00:04:23 (1123 turns).

howech the Caller (Demonspawn Summoner)             Turns: 1123, Time: 00:04:25

Health: 0/24       AC:  2    Str:  8    XL:     3   Next: 8%
Magic:  6/6        EV: 11    Int: 17    God:
Gold:   17         SH:  5    Dex: 13    Spells: 3/6 levels left

rFire    . . .     SeeInvis .   c - +0 spear
rCold    . . .     Faith    .   j - +2 buckler
rNeg     . . .     Spirit   .   a - +0 robe
rPois    .         Reflect  .   (no helmet)
rElec    .         Harm     .   (no cloak)
rCorr    .         Rampage  .   (no gloves)
Will     .....                  (no boots)
Stlth    ++........             (no amulet)
HPRegen  0.08/turn              (no ring)
MPRegen  0.10/turn              (no ring)

@: no status effects
A: claws 1, spiny 1
a: no special abilities


You were on level 2 of the Dungeon.
You visited 1 branch of the dungeon, and saw 2 of its levels.

You collected 17 gold pieces.

Inventory:

Hand Weapons
 b - a +0 club
 c - a +0 spear (weapon)
Armour
 a - a +0 robe (worn)
 d - a +0 pair of gloves
 j - a +2 buckler (worn)
Jewellery
 e - an uncursed amulet of the acrobat {unknown}
 k - an uncursed amulet of magic regeneration {unknown}
Scrolls
 f - a scroll of noise {unknown}
 g - a scroll of magic mapping {unknown}
 i - a scroll of amnesia {unknown}
Potions
 h - a potion of mutation {unknown}


   Skills:
 + Level 0.1 Polearms
 + Level 1.9 Dodging
 + Level 2.0 Stealth
 + Level 2.0 Spellcasting
 + Level 4.8 Summonings


You had 3 spell levels left.
You knew the following spells:

 Your Spells              Type           Power        Failure   Level
a - Summon Small Mammal   Summ           72%          4%          1
b - Call Imp              Summ           18%          7%          2

Your spell library contained the following spells:

 Spells                   Type           Power        Failure   Level
 Call Canine Familiar     Summ           18%          14%         3
 Summon Guardian Golem    Hex/Summ       9%           36%         3
 Summon Ice Beast         Ice/Summ       9%           77%         4
 Summon Lightning Spire   Summ/Air       9%           77%         4


Dungeon Overview and Level Annotations

Branches:
Dungeon (2/15)

Altars:


Innate Abilities, Weirdness & Mutations

You have sharp fingernails.
You are partially covered in sharp spines.


Message History

The ufetubus closely misses you. x2
The hobgoblin barely misses your crimson imp.
Your crimson imp barely misses the hobgoblin.
The ufetubus barely misses you. The ufetubus misses you.
You hit the ufetubus but do no damage. The ufetubus hits you.
The ufetubus misses you.
The hobgoblin hits your crimson imp with a +0 club!
Your crimson imp hits the hobgoblin.
You barely miss the ufetubus. The ufetubus hits you.
You block the ufetubus's attack. The hobgoblin misses your crimson imp.
Your crimson imp hits the hobgoblin.
You block the ufetubus's attack. The ufetubus hits you.
Your shield prevents you from hitting the ufetubus.
The ufetubus hits you.
* * * LOW HITPOINT WARNING * * *
The ufetubus hits you.
* * * LOW HITPOINT WARNING * * *
Your crimson imp blinks!
The ufetubus barely misses you. The ufetubus hits you.
You die...

### #.....#
..5##.....#
#.#......# .
###........# ..
#..........# ...
....#.....(..#..#
###..(.#.......#
...#.<...g#...#
.#####..@5....#
#.###...## #.
.#.# .. .#... ..
## #..# #. #.# #.
#


You could see an ufetubus, a hobgoblin and a friendly crimson imp (summoned).

Vanquished Creatures
  A ball python (D:1)
  4 bats (D:1)
  3 giant cockroaches (D:1)
  7 goblins
  3 hobgoblins (D:1)
  A quokka (D:2)
  3 rats (D:1)
22 creatures vanquished.

Vanquished Creatures (collateral kills)
  An ooze (D:1)
  A goblin (D:1)
  A hobgoblin (D:1)
  A frilled lizard (D:2)
4 creatures vanquished.

Grand Total: 26 creatures vanquished

Notes
Turn   | Place    | Note
-------+----------+-------------------------------------------
     0 | D:1      | howech the Demonspawn Summoner began the quest for the Orb.
     0 | D:1      | Reached XP level 1. HP: 13/13 MP: 3/3
   155 | D:1      | Gained mutation: You are partially covered in sharp spines.
                  | [demonic ancestry]
   155 | D:1      | Reached XP level 2. HP: 19/19 MP: 3/5
   202 | D:1      | Learned a level 2 spell: Call Imp
  1046 | D:2      | Gained mutation: You have sharp fingernails. [demonic
                  | ancestry]
  1046 | D:2      | Reached XP level 3. HP: 24/24 MP: 1/6
  1123 | D:2      | Slain by an ufetubus

Illustrated notes

Levels and vault maps discovered:
D:1:      dpeg_arrival_court, layout_basic, kennysheep_flooded_box
D:2:      layout_rooms, nemelex_xobeh_ov_fountains_minmay, marbit_many_paths,
          gammafunk_temple_overflow_elements, uniq_robin

Skill      XL: |  1  2 |
---------------+-------+-----
Stealth        | 2 |  2.0
Polearms       | |  0.1
Dodging        | |  1.9
Spellcasting   | |  2.0
Summonings     | |  4.8

Action                   || total
-------------------------++-------
Melee: Spear             ||    58
       Club              ||     4
       Unarmed           ||     3
 Cast: Summon Small Mamm ||     7
       Call Imp          ||     4
 Stab: Sleeping          ||     2
Armor: Robe              ||     8
Dodge: Dodged            ||    36
Block: Buckler           ||     7
